Map: Cañón atribulado

Players

JamieZerg

  • Race: Zerg Zerg
  • Spawn Location: 6:00

Blingk

  • Race: Terran Terran
  • Spawn Location: 7:00

Kovu

  • Race: Protoss Protoss
  • Spawn Location: 6:00

MrFercho

  • Race: Zerg Zerg
  • League: Silver
  • Spawn Location: 12:00

TATORREA

  • Race: Protoss Protoss
  • League: Silver
  • Spawn Location: 3:00

tigro

  • Race: Terran Terran
  • Spawn Location: 12:00

VOD

Have the link to the VOD?

Description

Time

  • Played on: May 15, 2020, 9:55 p.m.
  • Length: 26:18
Show
View Real Time Build Order
Export as new Build Order

JamieZerg Zerg 

Build Orders: Pool First 

Get SALT Encoding   

  12  0:05  Drone  
  13  0:11  Drone  
  14  0:18  Extractor  
  13  0:22  Overlord  
  13  0:26  Drone  
  14  0:44  Drone  
  14  0:49  Spawning Pool  
  14  1:00  Drone x2  
  16  1:09  Evolution Chamber  
  15  1:14  Drone  
  15  1:17  Drone  
  17  1:37  Drone  
  17  1:39  Metabolic Boost  
  18  1:45  Zergling x4  
  20  2:14  Hatchery  
  19  2:20  Zergling x2  
  19  2:21  Zergling x2  
  21  2:32  Lair  
  21  2:39  Drone  
  21  3:26  Zergling x6  
  24  3:34  Zergling x2  
  24  3:57  Zerg Melee Weapons Level 1  
  24  3:58  Infestation Pit  
  24  4:00  Drone x3  
  27  4:02  Zergling x2  
  27  4:03  Zergling x2  
  27  4:07  Overlord  
  28  4:23  Evolution Chamber  
  26  4:33  Zergling x6  
  28  4:50  Zergling x6  
  28  4:51  Zergling x2  
  32  5:10  Hive  
  30  5:36  Zergling x4  
  31  5:51  Zerg Missile Weapons Level 1  
  31  6:03  Baneling Nest  
  30  6:05  Extractor  
  30  6:06  Drone x3  
  30  7:07  Baneling x2  
  30  7:08  Baneling  
  30  7:09  Baneling x4  
  30  7:45  Centrifical Hooks  
  30  8:06  Zerg Melee Weapons Level 2  
  30  8:09  Overlord  
  30  8:11  Overlord  
  30  8:21  Roach Warren  
  25  8:56  Zergling x8  
  25  8:57  Zergling x4  
  31  9:15  Baneling x6  
  31  9:16  Baneling x3  
  31  9:23  Zergling x6  
  26  9:44  Zergling x4  
  26  9:45  Zergling x6  
  28  10:08  Zergling x6  
  28  10:09  Zergling x2  
  23  11:05  Zergling x2  
  23  11:06  Zergling x8  
  28  11:12  Baneling x4  
  28  11:13  Baneling  
  28  11:15  Zergling x2  
  29  11:23  Zergling x2  
  29  11:24  Zergling x2  
  31  11:30  Zergling x4  
  33  11:33  Queen  
  35  11:55  Zergling x8  
  38  12:35  Spire  
  37  12:56  Pneumatized Carapace  
  37  13:10  Zerg Melee Weapons Level 3  
  37  13:21  Drone x3  
  37  13:26  Extractor  
  39  13:27  Extractor  
  38  13:42  Baneling  
  38  13:43  Baneling x4  
  38  13:46  Overseer  
  20  14:11  Corruptor x5  
  20  14:12  Corruptor  
  32  14:23  Corruptor  
  32  14:24  Corruptor  
  36  14:39  Roach  
  42  15:00  Roach x2  
  42  15:13  Nydus Network  
  41  15:14  Drone  
  41  15:20  Roach  
  42  16:15  Roach  
  42  16:18  Overlord  
  44  16:19  Overlord  
  44  16:38  Roach  
  44  16:39  Roach x4  
  54  16:46  Roach  
  56  16:51  Overlord  
  50  17:28  Roach x3  
  50  17:29  Roach  
  56  17:49  Overlord  
  56  17:50  Overlord  
  56  18:46  Greater Spire  
  56  19:00  Ultralisk Cavern  
  55  19:23  Roach  
  59  19:24  Roach  
  59  19:25  Roach  
  59  19:29  Roach  
  63  19:34  Roach  
  65  19:47  Chitinous Plating  
  65  19:58  Ultralisk  
  71  20:02  Corruptor  
  73  20:39  Zerg Flyer Weapons Level 1  
  73  20:49  Brood Lord  
  75  21:06  Anabolic Synthesis  
  75  21:16  Mutalisk  
  75  21:53  Brood Lord  
  77  21:55  Corruptor  
  69  23:09  Nydus Canal  
  67  24:13  Roach x2  
  67  24:14  Roach x4  
  77  24:44  Ravager  
  58  25:27  Ultralisk x4  
  82  25:30  Overlord x2  
Show
View Real Time Build Order
Export as new Build Order

Blingk Terran 

Build Orders:  

Get SALT Encoding   

  12  0:10  Supply Depot  
  12  0:19  SCV  
  13  0:23  Refinery  
  13  0:44  Barracks  
  13  1:36  Supply Depot  
  13  1:46  Barracks Reactor  
  13  1:59  Supply Depot  
  13  2:04  Command Center  
  13  2:13  Supply Depot  
  13  2:17  SCV  
  14  2:25  Marine  
  14  2:28  Marine  
  16  2:35  Supply Depot  
  16  3:10  SCV  
  17  3:13  Marine  
  17  3:14  Marine  
  17  3:15  Refinery  
  19  3:20  SCV  
  19  3:22  SCV  
  21  3:34  SCV  
  21  3:39  Factory  
  22  3:45  Marine  
  22  3:46  SCV  
  24  3:50  Marine  
  25  3:56  SCV  
  25  3:58  SCV  
  27  4:11  SCV  
  28  4:22  SCV  
  28  4:23  SCV  
  30  4:34  Starport, SCV  
  30  4:37  Factory Tech Lab  
  31  4:46  SCV  
  32  4:56  SCV  
  32  4:58  SCV  
  34  5:08  SCV  
  34  5:10  SCV  
  36  5:14  Siege Tank  
  36  5:17  Viking  
  41  5:23  SCV  
  41  5:25  Starport  
  42  5:39  Engineering Bay  
  42  5:45  SCV  
  42  5:46  Siege Tank  
  42  5:47  SCV  
  47  6:07  Armory  
  47  6:13  Command Center  
  47  6:28  Starport Tech Lab  
  47  6:37  Starport Tech Lab  
  47  6:55  Armory  
  47  7:16  Cloaking Field  
  47  7:29  Fusion Core  
  47  7:31  SCV  
  48  7:39  Refinery  
  48  7:41  Refinery  
  48  7:43  SCV  
  49  7:55  SCV  
  50  7:59  Viking  
  50  8:00  Viking  
  54  8:07  SCV  
  55  8:13  Orbital Command  
  56  8:20  SCV  
  56  8:28  Missile Turret  
  56  8:29  Viking, Missile Turret  
  56  8:30  Viking  
  56  8:31  Missile Turret  
  60  8:37  Missile Turret  
  54  9:00  Missile Turret  
  49  9:21  Missile Turret  
  49  9:41  Missile Turret  
  49  10:07  Terran Vehicle And Ship Armor Level 1  
  49  10:11  Terran Ship Weapons Level 1  
  49  10:15  SCV  
  50  10:26  Marine x2  
  50  10:27  Starport  
  50  10:28  Starport, SCV  
  53  10:30  Siege Tank  
  53  10:33  Viking  
  53  10:34  Viking  
  60  10:40  SCV  
  61  10:44  Marine x2  
  61  10:47  SCV  
  64  10:59  SCV  
  64  11:02  Marine x2, Siege Tank  
  64  11:03  Viking  
  64  11:04  Viking  
  74  11:06  Starport  
  74  11:12  SCV  
  75  11:19  Marine  
  75  11:20  Marine  
  77  11:25  Starport Tech Lab  
  77  11:28  Starport Tech Lab  
  77  11:36  Starport  
  77  11:44  Missile Turret  
  77  11:47  Supply Depot  
  77  12:06  Missile Turret  
  77  12:09  Viking, Siege Tank, SCV  
  77  12:11  Supply Depot  
  77  12:13  Starport  
  83  12:21  SCV  
  84  12:26  Missile Turret  
  84  12:29  Starport Tech Lab  
  84  12:33  Supply Depot, Terran Vehicle And Ship Armor Level 2  
  84  12:34  Terran Ship Weapons Level 2  
  84  12:41  Siege Tank, Starport Tech Lab  
  84  12:43  Battlecruiser  
  93  12:53  Refinery  
  93  12:54  Missile Turret  
  93  12:55  Supply Depot, Battlecruiser, Refinery  
  99  13:01  Command Center  
  99  13:04  Refinery  
  99  13:07  SCV  
  99  13:08  Refinery  
  100  13:15  Starport Tech Lab  
  100  13:17  Battlecruiser  
  100  13:18  Supply Depot  
  100  13:19  SCV  
  107  13:24  Missile Turret  
  107  13:32  SCV  
  108  13:42  Supply Depot  
  108  13:44  SCV  
  109  13:49  Missile Turret  
  109  13:56  SCV  
  109  14:00  Orbital Command  
  93  15:20  Battlecruiser x6  
  93  15:21  Battlecruiser  
  135  15:31  Weapon Refit  
  126  16:24  Battlecruiser x2  
  138  16:46  Starport Tech Lab  
  136  16:47  Starport Tech Lab  
  136  16:48  Starport Tech Lab  
  136  16:50  Battlecruiser  
  134  17:04  SCV  
  134  17:05  SCV  
  136  17:16  SCV  
  136  17:17  SCV  
  138  17:28  SCV  
  138  17:29  SCV  
  134  17:40  SCV  
  134  17:42  SCV  
  136  17:52  SCV  
  136  17:54  SCV  
  138  20:05  Battlecruiser  
  138  20:07  Battlecruiser  
  138  20:44  Missile Turret x2  
  138  20:46  Missile Turret  
  138  20:47  Missile Turret x2  
  138  20:56  Command Center, Refinery  
  138  21:01  Refinery  
  138  21:14  Battlecruiser  
  138  21:23  Battlecruiser  
  132  22:01  Battlecruiser  
  138  22:08  Battlecruiser x2  
  150  22:44  SCV  
  151  22:46  SCV  
  152  22:56  SCV  
  152  22:58  SCV  
  154  23:08  SCV  
  155  24:09  SCV  
  155  24:11  SCV  
  154  24:21  SCV  
  154  24:23  Battlecruiser, SCV  
  154  24:30  Battlecruiser  
  153  24:35  Battlecruiser  
  155  24:50  Supply Depot  
  155  24:52  Supply Depot  
  155  24:54  Supply Depot  
  155  25:11  Battlecruiser, SCV  
  162  25:15  Supply Depot x2  
  162  25:17  Supply Depot  
Show
View Real Time Build Order
Export as new Build Order

Kovu Protoss 

Build Orders: Double Forge, Nexus First 

Get SALT Encoding   

  12  0:02  Probe  
  13  0:14  Probe  
  13  0:20  Pylon  
  14  0:38  Probe  
  15  0:57  Nexus  
  15  1:02  Probe  
  16  1:14  Assimilator  
  16  1:18  Assimilator  
  16  1:44  Nexus  
  16  1:50  Probe  
  17  2:02  Probe  
  18  2:13  Probe  
  18  2:15  Probe  
  20  2:25  Probe  
  20  2:27  Probe  
  22  2:37  Probe (Chrono Boost)  
  24  2:44  Probe (Chrono Boost)  
  24  2:48  Probe (Chrono Boost)  
  25  2:53  Probe (Chrono Boost)  
  27  2:59  Probe (Chrono Boost)  
  27  3:00  Probe (Chrono Boost)  
  29  3:09  Probe (Chrono Boost)  
  29  3:11  Probe (Chrono Boost)  
  30  3:15  Probe (Chrono Boost)  
  30  3:16  Probe (Chrono Boost)  
  30  3:17  Pylon  
  32  3:20  Pylon  
  32  3:25  Pylon  
  32  3:26  Probe  
  33  3:30  Pylon  
  33  3:34  Probe  
  33  3:39  Probe  
  35  3:43  Assimilator  
  35  3:47  Assimilator, Probe  
  36  3:51  Probe  
  37  3:58  Nexus  
  37  3:59  Probe  
  37  4:02  Assimilator  
  38  4:03  Probe  
  39  4:14  Forge  
  39  4:15  Forge  
  39  4:19  Gateway  
  39  4:27  Assimilator  
  39  4:29  Probe (Chrono Boost)  
  40  4:32  Assimilator  
  41  4:40  Probe (Chrono Boost)  
  41  4:42  Probe (Chrono Boost)  
  41  4:45  Probe (Chrono Boost)  
  42  4:51  Probe  
  44  4:55  Probe  
  44  4:57  Protoss Shields Level 1  
  45  5:03  Probe  
  46  5:08  Probe  
  47  5:15  Probe  
  47  5:17  Zealot  
  50  5:25  Probe (Chrono Boost)  
  50  5:27  Probe (Chrono Boost)  
  52  5:39  Probe (Chrono Boost)  
  52  5:40  Probe (Chrono Boost)  
  52  5:42  Probe (Chrono Boost)  
  55  5:44  Zealot  
  55  5:47  Probe (Chrono Boost)  
  55  5:48  Probe (Chrono Boost)  
  60  5:52  Photon Cannon, Probe (Chrono Boost)  
  60  5:53  Probe (Chrono Boost)  
  60  5:54  Photon Cannon, Probe (Chrono Boost)  
  62  6:00  Probe, Cybernetics Core  
  62  6:02  Cybernetics Core  
  62  6:03  Probe  
  64  6:06  Probe  
  64  6:11  Zealot  
  67  6:12  Probe  
  67  6:15  Probe  
  69  6:38  Zealot  
  69  6:39  Probe (Chrono Boost)  
  72  6:51  Probe (Chrono Boost)  
  72  6:53  Assimilator  
  73  6:58  Probe (Chrono Boost)  
  74  7:02  Nexus  
  74  7:05  Probe, Zealot  
  74  7:06  Protoss Ground Weapons Level 1  
  74  7:07  Pylon  
  76  7:17  Probe  
  77  7:29  Probe  
  78  7:45  Protoss Air Weapons Level 1  
  78  8:05  Pylon  
  78  8:07  Pylon  
  78  8:11  Pylon  
  78  8:13  Twilight Council, Pylon  
  78  8:18  Stargate  
  78  8:19  Stargate  
  78  8:21  Stargate  
  78  8:23  Stargate  
  78  8:25  Stargate  
  78  8:30  Pylon  
  78  8:33  Pylon  
  61  8:55  Photon Cannon  
  61  9:03  Photon Cannon  
  61  9:07  Photon Cannon x2  
  61  9:10  Photon Cannon  
  61  9:12  Photon Cannon  
  61  9:14  Protoss Ground Armor Level 1, Photon Cannon  
  61  9:26  Nexus  
  61  9:32  Pylon  
  61  9:38  Phoenix  
  65  9:50  Probe (Chrono Boost)  
  66  10:01  Probe (Chrono Boost)  
  66  10:03  Phoenix  
  66  10:05  Probe (Chrono Boost)  
  69  10:16  Probe  
  69  10:18  Pylon  
  69  10:21  Pylon  
  70  10:28  Phoenix, Probe  
  72  10:30  Pylon  
  72  10:34  Photon Cannon, Phoenix  
  72  10:35  Photon Cannon  
  73  10:36  Photon Cannon  
  73  10:37  Photon Cannon  
  73  10:38  Photon Cannon  
  73  10:40  Photon Cannon  
  73  10:41  Photon Cannon  
  73  10:44  Shield Battery  
  73  10:46  Shield Battery  
  73  10:50  Cybernetics Core  
  73  10:53  Phoenix  
  75  10:57  Pylon  
  75  10:58  Shield Battery  
  75  10:59  Phoenix  
  63  11:14  Probe  
  63  11:18  Phoenix  
  66  11:24  Phoenix  
  68  11:26  Probe  
  69  11:37  Probe  
  69  11:38  Probe  
  71  11:48  Photon Cannon  
  71  11:49  Photon Cannon, Phoenix, Probe  
  71  11:50  Photon Cannon, Probe  
  71  11:51  Photon Cannon  
  71  11:53  Photon Cannon  
  75  11:54  Photon Cannon  
  75  11:56  Pylon x2  
  75  11:59  Probe (Chrono Boost)  
  76  12:06  Probe (Chrono Boost)  
  78  12:08  Probe (Chrono Boost)  
  78  12:11  Probe (Chrono Boost)  
  78  12:14  Phoenix  
  78  12:15  Probe x2 (Chrono Boost)  
  82  12:17  Pylon  
  82  12:21  Pylon  
  81  12:23  Pylon  
  81  12:25  Probe  
  81  12:26  Probe  
  79  12:35  Phoenix x2  
  79  12:36  Phoenix x2  
  87  12:38  Probe  
  87  12:39  Phoenix  
  90  12:46  Probe  
  90  12:50  Probe  
  92  12:57  Probe  
  92  12:58  Probe  
  94  13:00  Void Ray, Phoenix x2  
  94  13:01  Void Ray, Probe  
  94  13:02  Probe (Chrono Boost)  
  94  13:04  Phoenix  
  110  13:11  Assimilator  
  110  13:12  Probe (Chrono Boost)  
  112  13:13  Probe (Chrono Boost)  
  112  13:14  Probe (Chrono Boost)  
  112  13:15  Assimilator  
  114  13:20  Probe (Chrono Boost)  
  114  13:22  Probe (Chrono Boost)  
  114  13:24  Probe (Chrono Boost)  
  114  13:25  Probe (Chrono Boost)  
  118  13:27  Probe (Chrono Boost)  
  118  13:28  Probe  
  118  13:29  Phoenix  
  118  13:33  Probe  
  122  13:38  Probe  
  122  13:40  Probe  
  124  13:46  Void Ray  
  128  13:52  Probe  
  128  13:54  Phoenix  
  131  14:04  Probe  
  132  14:28  Void Ray  
  136  14:39  Void Ray x4  
  152  15:03  Probe  
  153  15:11  Phoenix  
  155  15:15  Probe  
  156  15:21  Void Ray  
  156  15:27  Probe  
  161  15:34  Void Ray  
  161  15:36  Void Ray, Phoenix  
  161  15:37  Void Ray  
  161  15:40  Probe  
  152  15:52  Probe  
  153  16:01  Phoenix  
  155  16:04  Void Ray  
  159  16:17  Void Ray  
  159  16:19  Void Ray  
  161  16:36  Void Ray  
  161  16:40  Pylon  
  161  16:42  Pylon  
  161  16:45  Pylon  
  161  16:49  Pylon  
  161  16:51  Pylon  
  161  16:54  Pylon  
  161  16:56  Charge  
  161  16:57  Void Ray x2, Pylon  
  161  17:00  Void Ray  
  173  17:02  Void Ray  
  177  17:09  Pylon  
  173  17:36  Robotics Facility  
  173  17:38  Robotics Facility  
  173  17:39  Robotics Facility  
  173  17:41  Robotics Facility  
  173  17:42  Robotics Facility  
  173  17:45  Robotics Facility  
  173  17:46  Robotics Facility  
  173  17:48  Robotics Facility  
  173  18:01  Photon Cannon  
  173  18:05  Photon Cannon  
  173  18:06  Photon Cannon  
  173  18:07  Photon Cannon  
  173  18:08  Photon Cannon  
  173  18:11  Photon Cannon  
  173  18:12  Photon Cannon  
  173  18:13  Photon Cannon  
  173  18:15  Shield Battery  
  169  20:16  Void Ray x5  
  189  20:26  Immortal x2  
  189  22:54  Void Ray x2  
  193  23:13  Fleet Beacon  
  193  23:22  Robotics Bay  
  193  24:21  Carrier  
Show
View Real Time Build Order
Export as new Build Order

MrFercho Zerg 

Build Orders: Pool First 

Get SALT Encoding   

  12  0:03  Drone  
  13  0:12  Drone  
  14  0:18  Overlord  
  14  0:29  Extractor, Drone  
  14  0:37  Extractor, Drone  
  14  0:38  Drone  
  15  0:59  Drone x2  
  17  1:09  Drone  
  17  1:10  Spawning Pool  
  17  1:22  Drone  
  18  1:46  Drone x2  
  20  2:09  Zergling x4  
  20  2:15  Metabolic Boost  
  22  2:22  Overlord  
  22  2:39  Queen  
  24  3:21  Roach Warren  
  21  3:48  Drone x3  
  24  3:56  Zergling x2  
  24  3:57  Zergling x4  
  27  4:12  Roach  
  27  4:49  Roach  
  28  5:12  Lair  
  28  5:24  Overlord x2  
  28  5:36  Drone  
  29  5:53  Roach x3  
  35  6:15  Overlord x2  
  35  6:29  Pneumatized Carapace  
  35  6:33  Spire  
  34  7:16  Roach x3  
  40  7:30  Hatchery  
  39  7:37  Hatchery  
  38  7:45  Hatchery  
  38  7:48  Extractor  
  38  7:49  Hatchery x2  
  34  8:08  Evolution Chamber  
  34  8:11  Glial Reconstitution  
  33  8:22  Mutalisk  
  33  8:23  Mutalisk x6  
  47  9:09  Drone x3  
  54  9:10  Drone x5  
  41  10:00  Corruptor  
  41  10:02  Corruptor x2  
  41  10:03  Mutalisk x4  
  55  10:15  Drone  
  55  10:16  Drone x3  
  59  10:27  Extractor  
  58  10:28  Drone  
  58  10:29  Drone x3  
  62  10:40  Zerg Ground Armor Level 1  
  62  10:56  Drone x5  
  67  11:10  Extractor  
  66  11:14  Extractor  
  65  11:23  Mutalisk x5  
  75  11:49  Overlord x2  
  75  12:00  Mutalisk x4  
  59  12:47  Drone x15  
  74  13:10  Zerg Flyer Weapons Level 1  
  74  13:12  Infestation Pit  
  73  13:13  Zerg Ground Armor Level 2  
  73  13:18  Mutalisk x3  
  73  13:19  Mutalisk  
  81  13:25  Mutalisk x3  
  87  14:00  Drone x9  
  87  14:01  Drone x3  
  85  14:43  Mutalisk x7  
  99  14:48  Overlord x2  
  99  14:49  Overlord x3  
  99  15:05  Zerg Flyer Armor Level 1  
  93  15:42  Mutalisk  
  91  15:43  Mutalisk x12  
  103  16:22  Mutalisk  
  103  16:23  Mutalisk x4  
  93  16:45  Corruptor  
  93  16:46  Corruptor  
  89  17:36  Corruptor  
  89  17:37  Corruptor x5  
  101  17:55  Hydralisk Den  
  100  18:29  Hydralisk x9  
  100  18:30  Hydralisk  
  120  18:42  Spore Crawler x2  
  120  18:43  Spore Crawler  
  120  18:44  Spore Crawler x2  
  115  18:51  Mutalisk x2  
  113  19:36  Zergling x10  
  113  19:37  Zergling x20  
  69  20:34  Spore Crawler  
  68  20:36  Spore Crawler x3  
  68  20:37  Spore Crawler  
  68  20:38  Spore Crawler x2  
  68  20:40  Spore Crawler  
  68  20:42  Spore Crawler  
  51  20:45  Spore Crawler  
  27  21:45  Mutalisk  
  27  21:46  Mutalisk x2  
  16  22:40  Hatchery  
  13  22:44  Hatchery  
  13  22:46  Hatchery  
  13  22:51  Hatchery  
  8  24:07  Spawning Pool  
  7  24:20  Burrow  
  5  24:55  Zergling x10  
  5  24:56  Zergling x14  
  16  25:20  Zergling x2  
  16  25:21  Zergling x10  
Show
View Real Time Build Order
Export as new Build Order

TATORREA Protoss 

Build Orders:  

Get SALT Encoding   

  12  0:01  Probe  
  13  0:35  Pylon  
  13  0:38  Assimilator, Probe  
  14  0:50  Probe  
  15  1:02  Probe  
  16  1:14  Probe  
  17  1:51  Gateway  
  17  1:54  Gateway  
  17  1:58  Pylon  
  17  2:01  Probe  
  18  2:02  Pylon  
  18  2:11  Assimilator  
  18  2:13  Probe  
  19  2:25  Probe  
  20  2:37  Probe  
  21  2:49  Probe  
  22  2:56  Nexus, Zealot (Chrono Boost)  
  22  2:57  Zealot (Chrono Boost)  
  26  3:01  Probe  
  27  3:13  Probe  
  26  3:50  Probe  
  27  4:01  Cybernetics Core  
  27  4:02  Probe  
  28  4:03  Forge  
  28  4:07  Pylon  
  28  4:11  Pylon  
  28  4:14  Pylon, Probe  
  29  4:26  Probe x2  
  31  4:36  Protoss Ground Weapons Level 1  
  31  4:38  Probe x2  
  32  4:39  Warp Gate  
  33  4:47  Stalker x2  
  33  4:50  Probe x2  
  39  5:00  Stargate  
  39  5:02  Probe  
  40  5:07  Twilight Council  
  40  5:13  Robotics Facility  
  40  5:16  Probe  
  40  5:17  Probe  
  42  5:23  Assimilator  
  42  5:29  Probe x2  
  42  5:32  Assimilator  
  44  5:40  Stalker x2  
  48  5:50  Oracle  
  48  5:54  Charge  
  48  5:57  Probe x2  
  53  6:09  Probe x2  
  55  6:19  Immortal  
  55  6:21  Probe x2  
  61  6:33  Probe x2  
  61  6:34  Protoss Air Weapons Level 1  
  63  7:32  Stalker x2  
  63  7:35  Void Ray  
  71  7:38  Immortal  
  71  7:42  Protoss Ground Weapons Level 2  
  75  7:51  Robotics Bay  
  75  7:55  Fleet Beacon  
  75  8:09  Nexus  
  75  8:11  Probe x2  
  75  8:12  Assimilator  
  77  8:16  Assimilator  
  77  8:23  Probe  
  78  8:40  Probe x2  
  68  8:52  Probe x2  
  62  9:00  Stalker x2  
  66  9:04  Probe x2  
  68  9:16  Probe x2  
  70  9:28  Probe  
  70  9:30  Gateway  
  71  9:33  Gateway  
  71  9:35  Gateway  
  71  9:37  Gateway  
  71  9:39  Gateway  
  71  9:42  Tempest  
  71  9:44  Colossus  
  82  9:46  Extended Thermal Lance  
  82  9:50  Pylon  
  82  9:53  Stalker x2  
  82  9:54  Pylon  
  82  9:58  Pylon  
  86  10:01  Pylon, Probe x2  
  86  10:05  Protoss Air Weapons Level 2 (Chrono Boost)  
  88  10:08  Pylon  
  88  10:12  Pylon  
  88  10:25  Tempest  
  93  10:33  Stalker x2  
  93  10:34  Stalker x3  
  93  10:35  Stalker  
  105  10:39  Unknown  
  105  10:43  Colossus  
  111  11:08  Void Ray  
  112  11:22  Nexus  
  112  11:30  Stalker x3  
  112  11:31  Stalker x2  
  112  11:32  Stalker  
  124  11:34  Stalker  
  126  11:45  Colossus  
  132  11:48  Protoss Ground Weapons Level 3  
  132  11:50  Void Ray  
  136  12:33  Tempest  
  136  12:34  Protoss Air Weapons Level 3  
  141  12:40  Immortal  
  145  12:45  Zealot x3  
  145  12:46  Zealot x2  
  155  12:57  Pylon  
  155  13:00  Pylon  
  155  13:06  Pylon  
  155  13:08  Pylon  
  155  13:11  Pylon  
  155  13:14  Pylon  
  155  13:16  Tempest  
  155  13:17  Pylon  
  160  13:20  Zealot x2  
  160  13:21  Pylon, Zealot x3  
  160  13:22  Zealot  
  160  13:24  Zealot  
  156  13:59  Carrier  
  69  14:29  Stalker x3  
  69  14:30  Stalker x4  
  83  14:41  Colossus  
  89  14:46  Protoss Ground Armor Level 1  
  89  14:54  Stalker x3  
  89  14:56  Stalker  
  97  15:00  Stalker  
  97  15:03  Tempest  
  104  15:26  Protoss Air Armor Level 1  
  102  15:35  Immortal  
  87  15:46  Tempest  
  87  15:49  Stalker x2  
  73  15:50  Stalker x3  
  73  15:51  Stalker x2  
  66  16:13  Stalker  
  66  16:14  Stalker x2, Colossus  
  66  16:15  Stalker x2  
  66  16:16  Stalker x2  
  76  16:29  Tempest  
  75  16:42  Stalker  
  75  16:43  Stalker x3  
  83  17:08  Immortal  
  83  17:12  Carrier  
  58  17:45  Stalker  
  58  17:46  Stalker x4  
  58  17:47  Stalker, Colossus  
  71  18:16  Void Ray  
  75  18:35  Nexus  
  40  19:13  Phoenix (Chrono Boost)  
  38  19:36  Phoenix (Chrono Boost)  
  40  19:48  Phoenix (Chrono Boost)  
  42  20:03  Phoenix  
  44  20:26  Phoenix (Chrono Boost)  
  46  20:42  Phoenix (Chrono Boost)  
  48  20:54  Assimilator  
  48  20:58  Assimilator  
  48  21:03  Phoenix (Chrono Boost)  
  50  21:13  Phoenix, Nexus  
  52  21:37  Phoenix (Chrono Boost)  
  54  21:42  Anion Pulse-Crystals (Chrono Boost)  
  54  21:54  Phoenix (Chrono Boost)  
  56  22:05  Phoenix  
  58  22:22  Phoenix  
  60  22:40  Phoenix  
  62  22:54  Assimilator, Probe  
  62  22:58  Assimilator  
  195  23:05  Phoenix  
  63  23:06  Probe  
  66  23:18  Probe  
  43  23:30  Phoenix, Probe  
  43  23:32  Stalker x2  
  43  23:33  Stalker  
  43  23:34  Stalker x2  
  56  23:55  Phoenix  
  22  24:39  Stalker  
  22  24:40  Stalker  
  22  24:41  Stalker  
  22  24:42  Stalker  
Show
View Real Time Build Order
Export as new Build Order

tigro Terran 

Build Orders:  

Get SALT Encoding   

  12  0:05  SCV  
  13  0:17  SCV  
  14  0:21  Supply Depot  
  14  0:29  SCV  
  14  0:32  Refinery  
  15  0:47  SCV  
  16  1:00  Barracks, SCV  
  17  1:12  SCV  
  17  1:13  Refinery  
  18  1:24  SCV  
  19  1:28  Supply Depot  
  19  1:36  SCV  
  20  1:48  SCV  
  20  1:49  Marine  
  22  2:00  SCV  
  23  2:07  Marine  
  24  2:13  Barracks  
  24  2:25  Marine  
  25  2:43  Marine  
  26  3:01  Marine  
  25  3:27  Marine  
  25  3:31  Barracks Tech Lab  
  26  3:45  Marine  
  27  3:49  Engineering Bay  
  27  4:03  Marine  
  28  4:16  Factory  
  28  4:21  Marine  
  23  5:03  Marauder  
  23  5:05  Barracks Tech Lab  
  25  5:09  SCV  
  25  5:11  Factory Tech Lab  
  26  5:21  SCV  
  26  5:24  Marauder  
  29  5:29  Command Center  
  29  5:32  Armory  
  28  5:40  Siege Tank  
  28  5:42  Orbital Command  
  31  6:21  Supply Depot  
  31  6:40  Marine  
  31  6:41  Marauder  
  31  6:44  Starport  
  34  6:58  Marine  
  35  7:02  Marauder  
  37  7:09  Orbital Command  
  37  7:16  Marine  
  38  7:22  Starport  
  38  7:24  Marauder  
  38  7:28  Missile Turret  
  40  7:34  Marine  
  41  7:42  SCV  
  42  7:47  Starport Tech Lab  
  42  7:50  Missile Turret  
  42  7:52  Marine  
  42  7:54  SCV  
  44  7:59  Marauder  
  44  8:01  Terran Infantry Weapons Level 1  
  46  8:06  Combat Shield, SCV  
  46  8:09  Marine  
  48  8:13  Stimpack  
  48  8:15  Missile Turret  
  48  8:18  SCV  
  49  8:21  Marauder  
  51  8:27  Marine  
  51  8:28  Starport Tech Lab  
  51  8:31  SCV  
  51  8:34  Fusion Core  
  53  8:36  Missile Turret, Siege Tank  
  56  8:45  Marine  
  57  9:03  Marine  
  57  9:08  Missile Turret  
  56  9:25  Concussive Shells  
  56  9:31  Missile Turret  
  42  9:54  Missile Turret  
  42  9:55  Terran Infantry Armor Level 1  
  35  10:11  Battlecruiser  
  41  10:20  Battlecruiser  
  47  10:23  SCV  
  48  10:35  SCV  
  49  10:43  Terran Vehicle Weapons Level 1  
  49  10:47  SCV  
  50  10:53  Weapon Refit, Refinery  
  50  11:00  SCV  
  51  11:12  SCV  
  51  11:16  Battlecruiser  
  58  11:19  Marine  
  58  11:20  Refinery  
  58  11:24  SCV  
  60  11:36  SCV  
  60  11:37  Marine  
  62  11:48  SCV  
  62  11:49  Neosteel Armor  
  63  11:55  Marine  
  63  12:00  Medivac  
  66  12:14  SCV  
  67  12:23  Marine  
  67  12:26  SCV  
  69  12:31  Battlecruiser  
  75  12:37  Terran Vehicle And Ship Armor Level 1  
  75  12:38  SCV  
  75  12:41  Marine  
  77  12:50  SCV  
  78  13:29  Hi-Sec Auto Tracking  
  78  13:46  Supply Depot  
  78  14:07  Marine  
  78  14:08  Battlecruiser, SCV  
  78  14:09  Supply Depot  
  60  14:25  Marine  
  60  14:29  Battlecruiser  
  64  14:32  Supply Depot  
  62  14:43  Marine  
  62  14:45  Marine  
  48  15:01  Marine  
  48  15:02  Marine  
  50  15:12  Battlecruiser  
  53  15:19  Marine  
  53  15:20  Marine  
  53  15:33  Battlecruiser  
  52  15:36  Marine  
  52  15:38  Marine  
  51  15:54  Marine  
  51  15:56  Marine  
  46  16:12  Missile Turret  
  46  16:33  Missile Turret  
  46  16:37  Command Center  
  46  16:44  Battlecruiser  
  52  16:54  Missile Turret  
  52  17:01  Refinery  
  52  17:16  Missile Turret  
  52  17:26  Refinery  
  52  17:30  Marine  
  52  17:32  Marine  
  54  17:48  Marine  
  54  17:50  Marine  
  56  18:06  Marine  
  56  18:08  Marine  
  47  18:23  Marine  
  47  18:26  Marine  
  34  18:41  Marine  
  34  18:44  Marine  
  36  18:50  Battlecruiser  
  42  18:59  Marine  
  42  19:02  Marine  
  44  19:17  Marine  
  44  19:19  Marine, Battlecruiser  
  51  19:35  Marine  
  51  19:37  Marine  
  44  19:52  Marine  
  44  19:55  Marine  
  44  20:10  Marine  
  44  20:13  Marine  
  46  20:28  Marine  
  46  20:31  Marine  
  48  20:53  Missile Turret  
  48  20:58  Marine  
  48  21:01  Marine  
  50  21:05  Battlecruiser  
  50  21:10  Battlecruiser  
  40  21:16  Marine  
  41  21:19  Marine  
  41  21:21  Missile Turret  
  42  21:34  Marine  
  42  21:37  Marine  
  44  21:40  Missile Turret  
  44  21:52  Marine  
  44  21:54  Marine  
  42  22:09  Marine  
  42  22:12  Marine  
  39  22:27  Marine  
  40  22:30  Marine  
  33  22:45  Marine  
  33  22:48  Marine  
  28  23:03  Marine  
  28  23:06  Marine  
  22  24:20  Engineering Bay  
  22  25:00  Supply Depot  
  1  25:31  Command Center  
Tags
 
Add a new tag
Caveats
  • Supply blocks, unpowered buildings, or Contaminate may cause inaccurate times.
  • Supply counts are checked every 10 seconds.